 Dungeon Crawl Stone Soup version 0.29.1-13-g9f3cf754e1 (webtiles) character file.

Game seed: 1265918216217871279

76045 croobank the Covert (level 14, -12/118 HPs)
             Began as a Demigod Ice Elementalist on Feb 10, 2023.
             Killed from afar by a deep elf knight (20 damage)
             ... with a lance of force
             ... on level 1 of the Elven Halls on Feb 11, 2023.
             The game lasted 02:40:06 (37745 turns).

croobank the Covert (Demigod Ice Elementalist)     Turns: 37745, Time: 02:40:07

Health: -12/118    AC: 10    Str:  9    XL:     14   Next: 69%
Magic:  30/31      EV: 29    Int: 33    God:
Gold:   685        SH:  0    Dex: 11    Spells: 5/31 levels left

rFire   + . .      SeeInvis +   V - +6 broad axe of the Slashing Enemy {venom, rPois Dex-4 Stlth+}
rCold   + . .      Faith    .   (no shield)
rNeg    . . .      Spirit   .   b - +2 leather armour {rF+}
rPois   +          Reflect  .   e - +0 helmet
rElec   +          Harm     .   x - +0 cloak
rCorr   .          Rampage  .   f - +1 pair of gloves
Will    +....                   C - +0 pair of boots of the Vestibule of Hell {rElec Dex-5 SInv}
Stlth   +++++.....              h - amulet of the acrobat
HPRegen 0.29/turn               Q - +6 ring of dexterity
MPRegen 0.22/turn               r - ring of protection from cold

@: engulfed (cannot breathe), acrobatic, very slightly contaminated
A: high MP 1, forlorn, divine attributes
a: no special abilities


You were on level 1 of the Elven Halls.
You visited 4 branches of the dungeon, and saw 21 of its levels.
You also visited: Volcano.

You collected 2384 gold pieces.
You spent 1699 gold pieces at shops.

Inventory:

Hand Weapons
 c - a +2 vampiric lajatang
 g - a +3 dagger
 L - the +9 quarterstaff of Qaacanam {vorpal, rC+ rCorr}
   (You found it on level 7 of the Dungeon)

   It inflicts extra damage upon your enemies.
   rC:        It protects you from cold.
   rCorr:     It protects you from acid and corrosion.
 V - the +6 broad axe of the Slashing Enemy (weapon) {venom, rPois Dex-4 Stlth+}
   (You bought it in a shop on level 2 of the Orcish Mines)

   It poisons the flesh of those it strikes.
   Dex:       It affects your dexterity (-4).
   rPois:     It protects you from poison.
   Stlth:     It makes you more stealthy.
 W - a +2 glaive of flaming
Missiles
 d - 2 throwing nets (quivered)
 t - a silver boomerang
 I - 4 curare-tipped darts
 J - 6 javelins
Armour
 a - a +1 troll leather armour
 b - a +2 leather armour of fire resistance (worn)
 e - a +0 helmet (worn)
 f - a +1 pair of gloves (worn)
 j - a +0 robe of resistance
 n - a +0 buckler
 s - a +2 robe of the Archmagi
 x - a +0 cloak (worn)
 z - a +2 pair of boots
 C - the +0 pair of boots of the Vestibule of Hell (worn) {rElec Dex-5 SInv}
   (You bought it in a shop on level 2 of the Orcish Mines)

   Dex:       It affects your dexterity (-5).
   rElec:     It insulates you from electricity.
   SInv:      It lets you see invisible.
Jewellery
 h - an amulet of the acrobat (around neck)
 r - a ring of protection from cold (right hand)
 Q - a +6 ring of dexterity (left hand)
 U - a ring of flight
 X - a ring of ice
Wands
 i - a wand of digging (4)
 q - a wand of paralysis (45)
 v - a wand of mindburst (17)
 K - a wand of roots (7)
 R - a wand of flame (29)
Scrolls
 m - a scroll of fear
 o - a scroll of blinking
 D - a scroll of vulnerability
 M - 3 scrolls of immolation
 P - 5 scrolls of teleportation
 S - 2 scrolls of brand weapon
 T - 2 scrolls of magic mapping
Potions
 l - 3 potions of ambrosia
 p - 4 potions of attraction
 u - a potion of cancellation
 y - a potion of might {unknown}
 A - a potion of flight
 B - 6 potions of curing
 E - 3 potions of mutation
 F - a potion of brilliance
 N - 4 potions of lignification
 O - 2 potions of berserk rage
 Y - 6 potions of haste
 Z - 2 potions of resistance
Miscellaneous
 k - a condenser vane
 G - a phantom mirror (inert)


   Skills:
 + Level 9.3 Fighting
 + Level 7.8 Staves
 + Level 1.3 Armour
 + Level 9.7 Dodging
 + Level 10.5 Stealth
 - Level 3.0 Shields
 + Level 9.0 Spellcasting
 + Level 7.6 Conjurations
 * Level 7.1 Summonings
 + Level 10.5 Ice Magic
 - Level 3.0 Air Magic


You had 5 spell levels left.
You knew the following spells:

 Your Spells              Type           Power      Damage    Failure   Level
a - Freeze                Ice            100%       1d11      1%          1
b - Frozen Ramparts       Ice            100%       1d16      1%          3
c - Ozocubu's Armour      Ice            71%        N/A       1%          3
d - Hailstorm             Conj/Ice       65%        3d14      1%          4
e - Freezing Cloud        Conj/Ice/Air   28%        6-21      7%          5
f - Summon Guardian Gole  Hex/Summ       38%        N/A       3%          3
g - Summon Ice Beast      Ice/Summ       65%        N/A       1%          4
h - Call Canine Familiar  Summ           58%        N/A       1%          3

Your spell library contained the following spells:

 Spells                   Type           Power      Damage    Failure   Level
 Foxfire                  Conj/Fire      100%       2x1d9     1%          1
 Summon Small Mammal      Summ           100%       N/A       1%          1
 Conjure Flame            Conj/Fire      39%        6-21      2%          3
 Poisonous Vapours        Pois/Air       48%        N/A       3%          2
 Apportation              Tloc           28%        N/A       4%          1
 Sting                    Tmut/Pois      56%        1d5       4%          1
 Ice Form                 Ice/Tmut       49%        N/A       4%          4
 Iskenderun's Battlesphe  Conj           60%        2d11      5%          5
 Flame Wave               Conj/Fire      39%        2d11      9%          4
 Sticky Flame             Conj/Fire      39%        2d6       9%          4
 Ignite Poison            Fire/Tmut/Pois 14%        N/A       13%         3
 Inner Flame              Hex/Fire       14%        N/A       13%         3
 Portal Projectile        Hex/Tloc       28%        N/A       13%         3
 Tukima's Dance           Hex            14%        N/A       13%         3
 Corpse Rot               Necr/Pois/Air  21%        N/A       28%         4
 Cause Fear               Hex            7%         N/A       38%         4
 Leda's Liquefaction      Hex/Erth       7%         N/A       38%         4
 Olgreb's Toxic Radiance  Pois           14%        N/A       38%         4
 Alistair's Intoxication  Tmut/Pois      9%         N/A       75%         5
 Blade Hands              Tmut           7%         N/A       75%         5
 Borgnjor's Vile Clutch   Necr/Erth      7%         N/A       75%         5
 Iron Shot                Conj/Erth      19%        9d4       80%         6
 Orb of Destruction       Conj           30%        9d10      85%         7
 Spellforged Servitor     Conj/Summ      29%        N/A       87%         7
 Eringya's Noxious Bog    Tmut/Pois      7%         N/A       100%        6
 Haunt                    Necr/Summ      19%        N/A       100%        7
 Discord                  Hex            7%         N/A       100%        8


Dungeon Overview and Level Annotations

Branches:
Dungeon (13/15)            Temple (0/1) D:4            Lair (5/5) D:11
  Swamp (0/4) Lair:3        Snake (0/4) Lair:2        Slime (0/5) Lair:5
    Orc (2/2) D:9             Elf (1/3) Orc:2       Volcano (visited)
 Vaults: D:13-14

Shops:
D:5 *   Orc:1 ([::(   Orc:2 (=[*

Annotations:
D:12 3 runed translucent doors, nalyd1's ghost, journeyman DsGl


Innate Abilities, Weirdness & Mutations

You have an increased reservoir of magic. (+10% MP)
You shall have no god before yourself.
Your divine heritage dramatically boosts your attributes as you level up.


Message History

Your warg dissolves into shadows!
The deep elf knight gestures wildly while chanting.
The deep elf knight seems to speed up.
The deep elf pyromancer hits you but does no damage.
The water elemental hits you.
The water elemental engulfs you in water!
Your deep elf zephyrmancer barely misses the water elemental.
The deep elf knight hits you with a +0 scimitar.
The deep elf pyromancer casts a spell.
The deep elf pyromancer blinks!
Are you sure you want to stumble around while confused and next to your deep elf zephyrmancer?
Your icy armour will break if you move.
Continue?
You bump into the rock wall.
Your lungs strain for air!
The deep elf knight hits you with a +0 scimitar!
* * * LOW HITPOINT WARNING * * *
The water elemental hits you!
* * * LOW HITPOINT WARNING * * *
The deep elf pyromancer mumbles some strange words.
The deep elf pyromancer blinks!
You feel better.
You feel less invigorated.
* * * LOW HITPOINT WARNING * * *
Your lungs strain for air!
The deep elf knight hits you with a +0 scimitar!
* * * LOW HITPOINT WARNING * * *
Your warg completely misses the deep elf pyromancer.
The water elemental closely misses you. The deep elf knight closely misses you.
Your warg closely misses the deep elf pyromancer.
You cannot read scrolls while unable to breathe!
Unknown command.
Your icy armour will break if you move.
Continue?
You slip free of the water engulfing you.
Your icy armour cracks and falls away as you move.
A deep elf pyromancer comes into view. It is wielding a +0 short sword.
* * * LOW HITPOINT WARNING * * *
Your lungs strain for air!
Your deep elf zephyrmancer dissolves into shadows!
The deep elf knight gestures at you while chanting.
The lance of force hits you!!
You die...

##§e...#
##e°##...#
##.☼☼.##e..#
#.[....#....# #
#....he##....#
##.
#.......#.....#
#.#
#.......##....#
#.#
##...eE..#....e
#.# ##(....@.'#
#.#
##.#######....#
#.# ##.## ....#
..######.#######
...#
#...............
...
#.####.#########
.# #.###.## #
#.##.## ..)..##


You could see a deep elf knight (fast, very poisoned), a water elemental, 3 deep
elf pyromancers and a friendly warg (summoned).

Vanquished Creatures
  Kirke (Lair:3)
  A fire dragon (Volcano)
  Josephine (Lair:4)
  A boulder beetle (Lair:4)
  11 hydras
  4 two-headed ogres
  A catoblepas (Lair:5)
  A deep troll shaman (Lair:5)
  6 death yaks (Lair:5)
  2 orc high priests (Orc:2)
  Sonja (Lair:5)
  A deep elf archer (Elf:1)
  2 lindwurms
  7 deep elf pyromancers (Elf:1)
  3 deep elf zephyrmancers (Elf:1)
  2 cyclopes
  An orc knight (Orc:2)
  6 orc sorcerers
  13 elephants
  4 black mambas
  A torpor snail (Lair:5)
  9 komodo dragons
  6 cane toads
  A gargoyle (D:11)
  2 rime drakes
  A queen bee (Lair:2)
  A merfolk (D:11)
  7 trolls
  3 polar bears
  The ghost of shadowmeld the Magician, an amateur DjTm (D:5)
  5 slime creatures
  3 wraiths
  3 wyverns
  Sigmund (D:5)
  6 fire bats (Volcano)
  A vampire (D:11)
  34 yaks
  4 basilisks
  3 steam dragons
  2 vampire mosquitoes (D:12)
  4 wargs (Orc:2)
  2 acid dragons (D:11)
  11 water moccasins
  3 nagas (Lair:2)
  2 hell hounds (Volcano)
  26 orc warriors
  2 sky beasts (D:7)
  2 ice beasts (D:7)
  3 black bears
  6 wolves
  4 centaurs
  15 ogres
  A phantom (D:5)
  3 kobold brigands
  4 necrophages
  11 bullfrogs
  5 gnoll sergeants
  3 scorpions
  4 wights (D:7)
  A vampire bat (D:6)
  19 killer bees
  2 howler monkeys (D:11)
  A crimson imp (D:5)
  3 hounds
  3 jellies
  A gnoll bouda (D:6)
  16 orc priests
  Terence (D:2)
  22 orc wizards
  5 iguanas
  5 hell rats (Lair:5)
  Robin (D:2)
  10 gnolls
  10 adders
  2 shadow imps
  A white imp (D:8)
  2 dart slugs
  62 orcs
  8 ball pythons
  10 bats
  7 endoplasms
  2 giant cockroaches
  13 goblins
  11 hobgoblins
  10 jackals
  21 kobolds
  2 quokkas
  3 frilled lizards
  3 rats
531 creatures vanquished.

Vanquished Creatures (collateral kills)
  Agnes (Elf:1)
  A dire elephant (Lair:5)
  A boulder beetle (Lair:5)
  Urug (Lair:2)
  2 deep elf zephyrmancers (Elf:1)
  2 orc knights (Orc:2)
  A deep elf pyromancer (Elf:1)
  An orc sorcerer (Orc:2)
  A cyclops (D:12)
  A black mamba (Lair:5)
  A troll (D:12)
  2 slime creatures (D:12)
  A shadow (D:12)
  2 vampire mosquitoes (D:12)
  3 orc warriors
  A wolf (Lair:4)
  A kobold brigand (D:5)
  4 orc priests
  2 orc wizards (Orc:2)
  12 orcs
  7 kobolds (D:5)
48 creatures vanquished.

Vanquished Creatures (others)
  Zenata (Elf:1)
  An orc warlord (Orc:2)
  A rakshasa (D:12)
  An orc knight (Orc:2)
  An ugly thing (D:11)
  A cyclops (D:12)
  A gargoyle (D:11)
  A slime creature (D:12)
  An air elemental (Elf:1)
  A wraith (Lair:3)
  6 hogs (Lair:3)
  8 orc warriors
  3 wolves (Lair:4)
  An orc priest (Orc:2)
  2 orc wizards (Orc:2)
  5 orcs
  A bush (Lair:5)
  34 fungi
  61 plants
131 creatures vanquished.

Grand Total: 710 creatures vanquished

Notes
Turn   | Place    | Note
-------+----------+-------------------------------------------
     0 | D:1      | croobank the Demigod Ice Elementalist began the quest for
                  | the Orb.
     0 | D:1      | Reached XP level 1. HP: 14/14 MP: 5/5
    79 | D:1      | Reached XP level 2. HP: 1/20 MP: 0/7
  1891 | D:1      | Reached XP level 3. HP: 21/26 MP: 5/8
  1895 | D:1      | Learned a level 3 spell: Frozen Ramparts
  2299 | D:2      | Reached XP level 4. HP: 23/34 MP: 1/10
  2492 | D:2      | Reached skill level 1 in Fighting
  2944 | D:2      | Learned a level 3 spell: Ozocubu's Armour
  2964 | D:2      | Got Plato's Compilation of the Entourage
  3156 | D:2      | Noticed Robin
  3177 | D:2      | Killed Robin
  3490 | D:2      | Noticed Terence
  3506 | D:2      | Killed Terence
  3507 | D:2      | Reached XP level 5. HP: 33/40 MP: 2/11
  5265 | D:4      | Found a staircase to the Ecumenical Temple.
  5680 | D:4      | Identified the +3 long sword of the Elven Halls {pain, rF-
                  | Str+3 Int+3}
  6100 | D:4      | Found Ofienijosch's Magic Scroll Emporium.
  6175 | D:4      | Reached XP level 6. HP: 41/48 MP: 10/13
  6313 | D:5      | Entered Level 5 of the Dungeon
  6331 | D:5      | Reached skill level 1 in Shields
  6534 | D:5      | Noticed Sigmund
  6540 | D:5      | Killed Sigmund
  6607 | D:5      | Found a runed translucent gate.
  6607 | D:5      | Found Juigat's Assorted Antiques.
  6621 | D:5      | Bought a scroll labelled ELEAXZ PAOSCH for 29 gold pieces
  6684 | D:5      | Reached XP level 7. HP: 50/56 MP: 5/15
  6911 | D:5      | Reached skill level 5 in Ice Magic
  7263 | D:5      | Reached XP level 8. HP: 20/63 MP: 5/17
  7684 | D:5      | Found a runed translucent gate.
  7684 | D:5      | Found a runed translucent gate.
  7685 | D:5      | Noticed shadowmeld's ghost (amateur DjTm)
  7996 | D:6      | Learned a level 4 spell: Hailstorm
  8053 | D:6      | Reached skill level 5 in Stealth
  8057 | D:6      | Reached skill level 5 in Dodging
  8206 | D:6      | Identified the +0 robe "Offezuot" {+Inv rPois rF- Stlth+}
  8239 | D:6      | Reached XP level 9. HP: 72/72 MP: 13/19
  9056 | D:7      | Reached skill level 5 in Spellcasting
  9436 | D:7      | Reached skill level 5 in Fighting
 10066 | D:7      | Identified the +9 quarterstaff of Qaacanam {vorpal, rC+
                  | rCorr}
 10970 | D:8      | Reached skill level 1 in Staves
 11450 | D:9      | Reached skill level 1 in Conjurations
 11601 | D:9      | Found a staircase to the Orcish Mines.
 12909 | D:8      | Reached XP level 10. HP: 59/82 MP: 13/22
 14323 | D:4      | Bought a scroll of summoning for 123 gold pieces
 14323 | D:4      | Bought a scroll of identify for 26 gold pieces
 14323 | D:4      | Bought a scroll of brand weapon for 123 gold pieces
 14323 | D:4      | Bought a scroll of immolation for 52 gold pieces
 14323 | D:4      | Bought a scroll of magic mapping for 97 gold pieces
 14323 | D:4      | Bought a scroll of blinking for 97 gold pieces
 14361 | D:5      | Bought a scroll of teleportation for 87 gold pieces
 15062 | D:10     | Entered Level 10 of the Dungeon
 15683 | D:10     | Found the +6 shillelagh "Devastator" {shatter}
 15733 | D:11     | Noticed a two-headed ogre
 15746 | D:11     | Killed a two-headed ogre
 16113 | D:11     | Noticed a two-headed ogre
 16122 | D:11     | Killed a two-headed ogre
 16485 | D:11     | Reached XP level 11. HP: 91/91 MP: 10/24
 17101 | D:11     | Found a staircase to the Lair.
 17847 | D:12     | Noticed a rakshasa
 17898 | Lair:1   | Entered Level 1 of the Lair of Beasts
 17974 | Lair:1   | Found a dark tunnel.
 17988 | Volcano  | Entered a volcano
 18001 | Volcano  | Noticed a lindwurm
 18016 | Volcano  | Killed a lindwurm
 18179 | Volcano  | Noticed a fire dragon
 18187 | Volcano  | Killed a fire dragon
 18422 | Lair:1   | You are sucked into a shaft and drop 1 floor!
 18427 | Lair:2   | Noticed a four-headed hydra
 18431 | Lair:2   | Killed a four-headed hydra
 19700 | Lair:1   | Got Voinyck's Writings on Convocation and the Blizzard
 19711 | Lair:1   | Learned a level 5 spell: Freezing Cloud
 19913 | Lair:1   | Reached skill level 5 in Staves
 20425 | Lair:2   | Reached XP level 12. HP: 100/100 MP: 18/27
 20509 | Lair:2   | Noticed Urug
 20514 | Lair:2   | Reached skill level 5 in Conjurations
 20515 | Lair:2   | Reached skill level 1 in Air Magic
 20704 | Lair:2   | Found a staircase to the Snake Pit.
 20791 | Lair:2   | Noticed a five-headed hydra
 20861 | Lair:2   | Killed a five-headed hydra
 20961 | Lair:2   | Noticed a five-headed hydra
 20971 | Lair:2   | Killed a five-headed hydra
 21201 | Lair:2   | HP: 1/90 [Urug/javelin (11)]
 21211 | Lair:2   | Killed Urug
 21908 | Lair:3   | Noticed a seven-headed hydra
 21917 | Lair:3   | Killed a seven-headed hydra
 22347 | Lair:3   | Noticed a six-headed hydra
 22365 | Lair:3   | Killed a six-headed hydra
 22527 | Lair:3   | Learned a level 3 spell: Summon Guardian Golem
 22552 | Lair:3   | Noticed Kirke
 22569 | Lair:3   | Killed Kirke
 22570 | Lair:3   | Reached skill level 1 in Summonings
 23058 | Lair:3   | Found a staircase to the Swamp.
 23422 | Lair:4   | Noticed a five-headed hydra
 23429 | Lair:4   | Killed a five-headed hydra
 23726 | Lair:4   | Noticed a five-headed hydra
 23734 | Lair:4   | Killed a five-headed hydra
 24362 | Lair:4   | Noticed a seven-headed hydra
 24365 | Lair:4   | Killed a seven-headed hydra
 24616 | Lair:4   | Learned a level 4 spell: Summon Ice Beast
 24640 | Lair:4   | Reached XP level 13. HP: 107/107 MP: 20/29
 24642 | Lair:4   | Noticed Josephine
 24649 | Lair:4   | Killed Josephine
 25369 | Lair:5   | Entered Level 5 of the Lair of Beasts
 25708 | Lair:5   | HP: 5/107 [six-headed hydra (2)]
 25999 | Lair:5   | Found a runed translucent door.
 26000 | Lair:5   | Found a staircase to the Slime Pits.
 26057 | Lair:5   | Noticed Sonja
 26065 | Lair:5   | Killed Sonja
 27795 | Lair:5   | Reached skill level 5 in Summonings
 27795 | Lair:5   | Reached skill level 10 in Ice Magic
 28681 | Lair:5   | Noticed a dire elephant
 28699 | Lair:5   | HP: 4/108 [dire elephant (6)]
 28764 | Lair:5   | Killed a dire elephant
 29779 | D:11     | Reached skill level 10 in Stealth
 30663 | D:12     | Found a runed translucent gate.
 30663 | D:12     | Found a runed translucent gate.
 30663 | D:12     | Found a runed translucent gate.
 30666 | D:12     | Noticed nalyd1's ghost (journeyman DsGl)
 30678 | D:12     | Learned a level 3 spell: Call Canine Familiar
 30878 | D:12     | Reached XP level 14. HP: 116/116 MP: 16/31
 31874 | Orc:1    | Entered Level 1 of the Orcish Mines
 31971 | Orc:1    | Found Toacam's Weapon Shop.
 32400 | Orc:1    | Found Mapseeph's Book Emporium.
 32405 | Orc:1    | Found Xuomefum's Book Shop.
 32824 | Orc:1    | Found Seuh's Antique Armour Shop.
 32871 | Orc:1    | Found Polawney's Antique Weapon Boutique.
 33190 | Orc:2    | Entered Level 2 of the Orcish Mines
 33370 | D:5      | Killed shadowmeld's ghost
 34376 | Orc:2    | Noticed an orc warlord
 34415 | Orc:2    | Killed an orc warlord
 35639 | Orc:2    | Found Gagroapt's Antique Weapon Emporium.
 35651 | Orc:2    | Found Unlach's Antique Armour Emporium.
 35660 | Orc:2    | Bought a pair of fine boots for 228 gold pieces
 35660 | Orc:2    | Identified the +0 pair of boots of the Vestibule of Hell
                  | {rElec Dex-5 SInv} (You bought it in a shop on level 2 of
                  | the Orcish Mines)
 35705 | Orc:2    | Bought a twisted broad axe for 333 gold pieces
 35705 | Orc:2    | Identified the +6 broad axe of the Slashing Enemy {venom,
                  | rPois Dex-4 Stlth+} (You bought it in a shop on level 2 of
                  | the Orcish Mines)
 36606 | Orc:2    | Found Deom's General Store.
 36622 | Orc:2    | Found Wuibio's Jewellery Emporium.
 36629 | Orc:2    | Bought a +6 ring of dexterity for 504 gold pieces
 36789 | Orc:2    | Found a staircase to the Elven Halls.
 36933 | Elf:1    | Entered Level 1 of the Elven Halls
 37290 | Elf:1    | Noticed Agnes
 37297 | Elf:1    | HP: 3/118 [Agnes/+2 vampiric lajatang (23)]
 37300 | Elf:1    | Killed Agnes
 37301 | Elf:1    | Reached skill level 1 in Armour
 37626 | Elf:1    | Paralysed by an air elemental for 1 turns
 37715 | Elf:1    | Noticed Zenata
 37740 | Elf:1    | Killed Zenata
 37745 | Elf:1    | Killed from afar by a deep elf knight

Illustrated notes

Levels and vault maps discovered:
D:1:      saegor_arrival_simple_a, layout_basic
D:2:      layout_loops_ring, shapermc_ecumenical_altar_rom_forum,
          grunt_decor_clamped, st_stairs_2, dk_noncrumbling_2, feat_on_display,
          uniq_terence, uniq_robin
D:3:      layout_basic, kennysheep_generic_room_12
D:4:      layout_gridville, temple_pool_b, serial_shops, shop
D:5:      layout_gridville, grunt_temple_overflow_champion_of_chaos,
          mainiacjoe_overflow_small_starburst, nicolae_overflow_crystal_walls,
          serial_shops, shop, gammafunk_ghost_nasty_kobolds, grunt_ministairs_2,
          minmay_circle_x, uniq_sigmund
D:6:      layout_rooms, worldfamousw_hep_ancestral_shrine, roderic_batcave
D:7:      layout_loops_ring, mainiacjoe_overflow_swirl
D:8:      layout_loops_cross, lemuel_doored_altar
D:9:      layout_loops_cross, palyth_temple_overflow_mages,
          nicolae_qazlal_style_of_elements, nicolae_uskayaw_dance_hall,
          kennysheep_orc_monster_closet_entryway
D:10:     layout_roguey, serial_corexii_hall, corexii_hall_statues_i,
          corexii_hall_statues_l
D:11:     layout_basic, grunt_lair_entry_orc_guard_hut, hangedman_decor_push,
          hangedman_fish_farm
D:12:     layout_roguey, gammafunk_ghost_hydra_chop, special_room
          [special_room_orc]
D:13:     evilmike_iron_armoury, layout_layer_cave, david_vaults_4, uniq_frances
Lair:1:   layout_gridlike, nicolae_volcano_entry_s_turn, st_stairs_12
Lair:2:   layout_long_grid, guppyfry_snake_entry_garden, basic_altar,
          special_room [special_room_bee], serial_bayou_shore_a, uniq_urug
Lair:3:   layout_chaotic_city, swamp_mist, uniq_kirke
Lair:4:   layout_roguey, uniq_josephine
Lair:5:   grunt_lair_end_beastmaster, layout_small_grid, slime_entry_2,
          uniq_sonja
Orc:1:    layout_diamond_mine, serial_shops, nicolae_shop_stone, shop,
          nicolae_shop_temple_entry_statues_fountains, shop,
          nicolae_shop_overgrown_old_shop
Orc:2:    grunt_orc_cross, layout_caves
Elf:1:    eino_elf_arrival_altar, layout_rooms, minmay_elf_crystal_hexagon,
          uniq_agnes, uniq_zenata

Skill      XL: |  1  2  3  4  5  6  7  8  9 10 11 12 13 14 |
---------------+-------------------------------------------+-----
Dodging        | 2 3 4 5 6 7 8 9 |  9.7
Stealth        | 2 3 4 5 6 7 8 9 10 | 10.5
Spellcasting   | 2 3 4 5 6 7 8 9 |  9.0
Ice Magic      | 4 5 6 7 8 9 10 | 10.5
Fighting       | 1 2 3 4 5 6 7 8 9 |  9.3
Shields        | 1 2 3 |  3.0
Staves         | 1 3 5 6 7 |  7.8
Conjurations   | 1 3 4 5 6 7 |  7.6
Air Magic      | 3 |  3.0
Summonings     | 2 5 7 |  7.1
Armour         | 1 |  1.3

Action                   |  1- 3 |  4- 6 |  7- 9 | 10-12 | 13-15 || total
-------------------------+-------+-------+-------+-------+-------++-------
Melee: Short sword       |    18 |    77 |       |       |       ||    95
       Long sword        |       |    30 |    61 |       |       ||    91
       Hand axe          |       |     6 |    20 |       |       ||    26
       Dagger            |       |     1 |     8 |       |       ||     9
       Quarterstaff      |       |       |    44 |   217 |   215 ||   476
       Halberd           |       |       |     8 |    14 |       ||    22
       Unarmed           |       |       |       |     4 |       ||     4
       Broad axe         |       |       |       |       |    26 ||    26
Throw: Dart              |       |       |     2 |     3 |     2 ||     7
       Throwing net      |       |       |       |       |     5 ||     5
 Cast: Freeze            |    34 |    22 |    26 |    68 |    71 ||   221
       Frozen Ramparts   |     4 |    28 |    56 |    80 |    61 ||   229
       Ozocubu's Armour  |       |    17 |    41 |    75 |    66 ||   199
       Hailstorm         |       |       |     8 |    78 |    72 ||   158
       Summon Guardian G |       |       |       |     7 |    62 ||    69
       Summon Ice Beast  |       |       |       |     1 |    32 ||    33
       Freezing Cloud    |       |       |       |       |    39 ||    39
       Call Canine Famil |       |       |       |       |    13 ||    13
Evoke: Wand              |       |       |     2 |    12 |     4 ||    18
       Phantom mirror    |       |       |       |       |     1 ||     1
  Use: Scroll            |     5 |     3 |    10 |    13 |     9 ||    40
       Potion            |       |       |     1 |     4 |     5 ||    10
 Stab: Sleeping          |     4 |     8 |     3 |     3 |     1 ||    19
       Paralysed         |       |       |       |       |     2 ||     2
       Distracted        |       |       |       |       |     1 ||     1
Armor: Robe              |    14 |    91 |    75 |     1 |       ||   181
       Troll leather arm |       |       |       |    80 |   118 ||   198
       Leather armour    |       |       |       |   105 |    14 ||   119
       Skin              |       |       |       |     2 |       ||     2
Dodge: Dodged            |    34 |   141 |   116 |   289 |   318 ||   898
